[ AOE2 MATCH · #484042701 ]
UnrankedGoths vs Celts
[ REPLAY ANALYSIS · EXTRACTED FROM THE RECORDED GAME ]
Feudal
11:52
Castle
16:46
Imperial
32:57
| APM avg | 26.8 |
| APM peak | 65 |
| eAPM avg | 13.8 |
| Villagers / military | 123 / 717 |
Focus
⚔️ 45.2% · 🌾 54.8%
Huskarl ×452 · Spearman ×243 · Trebuchet (Packed) ×21 · Trade Cart ×6 · Monk ×1
Feudal
12:45
Castle
20:16
Imperial
34:30
| APM avg | 32.4 |
| APM peak | 123 |
| eAPM avg | 17.9 |
| Villagers / military | 76 / 418 |
Focus
⚔️ 49.7% · 🌾 50.3%
Scout Cavalry ×326 · Arambai ×65 · Cavalry Archer ×14 · Trade Cart ×13 · Bombard Cannon ×7 · Trebuchet (Packed) ×4
Feudal
—
Castle
—
Imperial
—
| APM avg | 13.2 |
| APM peak | 65 |
| eAPM avg | 8.7 |
| Villagers / military | 51 / 314 |
Focus
⚔️ 60.4% · 🌾 39.6%
Scorpion ×163 · Woad Raider ×84 · Militia ×66 · Trade Cart ×12 · Battering Ram ×1
Feudal
—
Castle
—
Imperial
—
| APM avg | 13.9 |
| APM peak | 75 |
| eAPM avg | 9.2 |
| Villagers / military | 112 / 171 |
Focus
⚔️ 29.7% · 🌾 70.3%
Militia ×90 · Scorpion ×30 · Chu Ko Nu ×24 · Iron Pagoda ×16 · Fire Lancer ×8 · Trebuchet (Packed) ×3
Feudal
11:41
Castle
24:05
Imperial
40:20
| APM avg | 30.5 |
| APM peak | 74 |
| eAPM avg | 17.9 |
| Villagers / military | 122 / 225 |
Focus
⚔️ 33.8% · 🌾 66.2%
Scout Cavalry ×97 · Ballista Elephant ×56 · Scorpion ×48 · Petard ×10 · Trebuchet (Packed) ×8 · Spearman ×6
Feudal
—
Castle
—
Imperial
—
| APM avg | 8.1 |
| APM peak | 45 |
| eAPM avg | 7.1 |
| Villagers / military | 99 / 196 |
Focus
⚔️ 34.7% · 🌾 65.3%
Battle Elephant ×133 · Knight ×18 · Monk ×14 · Cavalry Archer ×14 · Skirmisher ×12 · Trade Cart ×7
Feudal
—
Castle
—
Imperial
—
| APM avg | 6.1 |
| APM peak | 54 |
| eAPM avg | 4.7 |
| Villagers / military | 84 / 83 |
Focus
⚔️ 25.3% · 🌾 74.7%
Archer ×53 · Spearman ×24 · Scout Cavalry ×6
Feudal
—
Castle
—
Imperial
—
| APM avg | 11.2 |
| APM peak | 46 |
| eAPM avg | 8.5 |
| Villagers / military | 132 / 600 |
Focus
⚔️ 40.3% · 🌾 59.7%
Magyar Huszar ×423 · Skirmisher ×118 · Cavalry Archer ×32 · Battering Ram ×13 · Trebuchet (Packed) ×10 · Petard ×2
Match map
Initial resources + every placement click. Lines = walls · curves = elevation contours. ◆ gold · ⬟ stone · ● berries · ✦ relic · ◌ wall gap
Your base· ✓ Closed at 16:46 · 0t walls · 2 gate(s)
linsanity1105's base· ✓ Closed at 20:16 · 0t walls · 3 gate(s)
Jhon_Targaryen_'s base· ✓ Closed at 16:57 · 0t walls · 2 gate(s)
T4CH1CU1L's base· ✓ Closed at 18:02 · 0t walls · 2 gate(s)
Zatroinos's base· ✓ Closed at 24:05 · 10t walls · 3 gate(s)
LordCommanderPug's base· ✓ Closed at 16:45 · 0t walls · 3 gate(s)
lesserpanda1300's base· ✓ Closed at 18:47 · 0t walls · 2 gate(s)
BAROL-'s base· ✓ Closed at 13:52 · 0t walls · 3 gate(s)
Smoothed initial terrain · ◌ = detected wall gap · hover for details
Inputs per minute
— Burzgûl - - linsanity1105
Build order — Burzgûl
First 150 of 434 actions detected
| 0:03 | Build | House |
| 0:04 | Create | Villager (Male) |
| 0:05 | Create | Villager (Male) |
| 0:05 | Create | Villager (Male) |
| 0:07 | Build | House |
| 0:07 | Create | Villager (Male) |
| 1:38 | Create | Villager (Male) |
| 1:48 | Build | Lumber Camp |
| 2:02 | Create | Villager (Male) |
| 2:31 | Create | Villager (Male) |
| 3:17 | Create | Villager (Male) |
| 3:43 | Create | Villager (Male) |
| 4:21 | Build | House |
| 4:22 | Build | House |
| 4:23 | Build | House |
| 4:28 | Create | Villager (Male) |
| 4:50 | Create | Villager (Male) |
| 4:56 | Build | Mill |
| 5:04 | Create | Villager (Male) |
| 5:05 | Create | Villager (Male) |
| 5:05 | Create | Villager (Male) |
| 6:47 | Create | Villager (Male) |
| 7:08 | Create | Villager (Male) |
| 7:29 | Create | Villager (Male) ×5 |
| 7:30 | Create | Villager (Male) ×2 |
| 7:38 | Create | Villager (Male) |
| 7:48 | Build | Mill |
| 7:52 | Build | House |
| 7:53 | Build | House |
| 9:05 | Build | Mining Camp |
| 9:31 | Build | Farm |
| 9:42 | Research | Feudal Age |
| 10:25 | Create | Villager (Male) |
| 10:25 | Create | Villager (Male) |
| 11:13 | Create | Villager (Male) |
| 11:13 | Create | Villager (Male) |
| 11:52 | Age | Feudal Age |
| 11:58 | Create | Villager (Male) ×5 |
| 12:19 | Build | Market |
| 12:25 | Build | Blacksmith |
| 12:27 | Build | House |
| 12:29 | Build | House |
| 12:33 | Build | House |
| 12:49 | Build | Farm |
| 13:13 | Build | Mining Camp |
| 13:18 | Build | Mining Camp |
| 14:06 | Research | Castle Age |
| 14:27 | Research | Double-Bit Axe |
| 14:51 | Build | Barracks |
| 15:19 | Build | Farm |
| 15:20 | Build | Farm |
| 15:20 | Build | Farm |
| 15:20 | Build | Farm |
| 15:20 | Build | Farm |
| 15:21 | Build | Farm |
| 15:42 | Build | House |
| 15:44 | Build | House |
| 15:47 | Build | House |
| 15:49 | Build | Farm |
| 15:51 | Create | Villager (Male) ×5 |
| 15:57 | Create | Spearman |
| 15:57 | Create | Spearman |
| 15:58 | Create | Spearman |
| 16:46 | Age | Castle Age |
| 17:16 | Build | Town Center |
| 17:45 | Build | Town Center |
| 17:49 | Create | Villager (Male) ×4 |
| 17:59 | Research | Squires |
| 18:04 | Research | Scale Mail Armor |
| 18:09 | Build | Farm |
| 18:22 | Build | Farm |
| 19:13 | Create | Villager (Male) |
| 19:18 | Create | Villager (Male) |
| 19:37 | Create | Villager (Male) |
| 19:37 | Create | Villager (Male) |
| 19:38 | Create | Villager (Male) |
| 19:43 | Build | Farm |
| 19:47 | Build | Farm |
| 20:13 | Build | Castle |
| 20:23 | Build | Farm |
| 20:25 | Research | Pikeman (upgrade) |
| 20:34 | Research | Loom |
| 20:37 | Build | Farm |
| 20:40 | Build | Farm |
| 20:57 | Create | Villager (Male) ×2 |
| 21:13 | Build | Barracks |
| 21:28 | Create | Villager (Male) ×2 |
| 21:32 | Create | Villager (Male) |
| 21:43 | Create | Villager (Male) |
| 21:58 | Build | Farm |
| 22:02 | Create | Villager (Male) |
| 22:06 | Create | Villager (Male) |
| 22:39 | Create | Villager (Male) ×2 |
| 22:52 | Create | Villager (Male) ×2 |
| 23:02 | Build | Town Center |
| 23:16 | Build | Farm |
| 23:22 | Create | Villager (Male) ×2 |
| 23:29 | Create | Villager (Male) |
| 23:47 | Create | Villager (Male) ×2 |
| 23:51 | Build | Farm |
| 23:59 | Build | Farm |
| 24:01 | Create | Villager (Male) |
| 24:22 | Build | Farm |
| 24:24 | Create | Villager (Male) ×2 |
| 24:35 | Create | Villager (Male) |
| 24:55 | Build | Monastery |
| 25:00 | Create | Villager (Male) ×3 |
| 25:08 | Build | Farm |
| 25:18 | Create | Villager (Male) ×2 |
| 25:40 | Create | Trade Cart |
| 25:53 | Build | Farm |
| 25:59 | Build | Farm |
| 26:22 | Create | Monk |
| 26:23 | Create | Villager (Male) ×5 |
| 26:44 | Build | Castle |
| 26:58 | Build | Barracks |
| 26:59 | Build | Barracks |
| 27:01 | Build | Barracks |
| 27:08 | Build | Barracks |
| 27:14 | Research | Squires |
| 27:15 | Create | Villager (Male) ×5 |
| 27:20 | Build | Farm |
| 27:22 | Research | Horse Collar |
| 27:48 | Build | Farm |
| 27:50 | Research | Forging |
| 27:55 | Build | Farm |
| 28:01 | Create | Villager (Male) ×2 |
| 28:02 | Create | Villager (Male) |
| 28:21 | Create | Villager (Male) ×3 |
| 28:30 | Build | Farm |
| 28:40 | Build | Farm |
| 28:47 | Build | Mill |
| 28:49 | Build | Farm |
| 28:53 | Build | University |
| 28:57 | Build | Farm |
| 29:04 | Research | Iron Casting |
| 29:08 | Build | Farm |
| 29:47 | Research | Imperial Age |
| 29:51 | Create | Villager (Male) ×2 |
| 30:05 | Build | House |
| 30:06 | Build | House |
| 30:08 | Build | House |
| 30:10 | Build | House |
| 30:11 | Build | House |
| 30:13 | Build | House |
| 30:14 | Build | House |
| 30:16 | Build | House |
| 30:18 | Build | House |
| 30:20 | Build | Barracks |
| 30:26 | Research | Murder Holes |
Build order — linsanity1105
First 150 of 666 actions detected
| 0:03 | Research | Loom |
| 0:03 | Research | Loom |
| 0:04 | Create | Villager (Male) |
| 0:04 | Create | Villager (Male) |
| 0:04 | Create | Villager (Male) |
| 0:05 | Create | Villager (Male) |
| 0:09 | Build | House |
| 0:16 | Build | House |
| 3:01 | Create | Villager (Male) |
| 3:18 | Create | Villager (Male) |
| 3:18 | Create | Villager (Male) |
| 4:16 | Create | Villager (Male) |
| 4:48 | Build | Lumber Camp |
| 4:52 | Create | Villager (Male) |
| 4:53 | Create | Villager (Male) |
| 5:41 | Create | Villager (Male) |
| 5:42 | Create | Villager (Male) |
| 6:16 | Create | Villager (Male) |
| 6:16 | Create | Villager (Male) |
| 6:22 | Build | House |
| 6:23 | Build | House |
| 7:06 | Build | Mill |
| 7:47 | Create | Villager (Male) |
| 7:47 | Create | Villager (Male) |
| 8:33 | Create | Villager (Male) |
| 9:26 | Create | Villager (Male) |
| 10:35 | Research | Feudal Age |
| 10:36 | Research | Feudal Age |
| 12:16 | Build | House |
| 12:18 | Build | House |
| 12:19 | Build | House |
| 12:26 | Create | Villager (Male) |
| 12:26 | Create | Villager (Male) |
| 12:26 | Create | Villager (Male) |
| 12:26 | Create | Villager (Male) |
| 12:45 | Age | Feudal Age |
| 12:55 | Research | Horse Collar |
| 13:02 | Build | Farm |
| 13:07 | Build | Farm |
| 13:12 | Build | Farm |
| 13:18 | Build | Farm |
| 13:44 | Build | Farm |
| 14:03 | Build | Market |
| 14:14 | Build | Market |
| 14:22 | Build | Mining Camp |
| 14:30 | Create | Villager (Male) |
| 14:31 | Create | Villager (Male) |
| 14:54 | Create | Villager (Male) |
| 15:01 | Build | Farm |
| 15:05 | Create | Villager (Male) |
| 15:19 | Build | Blacksmith |
| 15:30 | Build | Farm |
| 15:38 | Build | Farm |
| 15:47 | Build | Farm |
| 16:00 | Build | Farm |
| 16:08 | Build | Farm |
| 16:18 | Build | Farm |
| 16:46 | Create | Villager (Male) |
| 16:51 | Create | Villager (Male) |
| 16:58 | Build | House |
| 17:00 | Build | House |
| 17:27 | Research | Castle Age |
| 17:46 | Build | Farm |
| 17:56 | Build | Farm |
| 18:31 | Build | Lumber Camp |
| 18:52 | Build | Farm |
| 19:05 | Create | Villager (Male) |
| 19:05 | Create | Villager (Male) |
| 19:06 | Create | Villager (Male) |
| 19:06 | Create | Villager (Male) |
| 19:18 | Research | Gold Mining |
| 19:19 | Research | Stone Mining |
| 20:16 | Age | Castle Age |
| 20:20 | Research | Heavy Plow |
| 20:51 | Build | Town Center |
| 20:55 | Create | Villager (Male) |
| 20:55 | Create | Villager (Male) |
| 21:03 | Research | Gold Shaft Mining |
| 21:25 | Build | Barracks |
| 21:35 | Create | Villager (Male) |
| 21:35 | Create | Villager (Male) |
| 21:35 | Create | Villager (Male) |
| 22:51 | Build | Archery Range |
| 22:53 | Build | Archery Range |
| 23:03 | Create | Villager (Male) |
| 23:04 | Create | Villager (Male) |
| 23:04 | Create | Villager (Male) |
| 23:04 | Create | Villager (Male) |
| 23:47 | Create | Trade Cart |
| 23:47 | Create | Trade Cart |
| 23:49 | Research | Caravan |
| 24:05 | Build | House |
| 24:07 | Build | House |
| 24:08 | Build | House |
| 24:22 | Create | Villager (Male) |
| 24:22 | Create | Villager (Male) |
| 24:39 | Build | Farm |
| 24:54 | Build | Mill |
| 25:03 | Create | Villager (Male) |
| 25:03 | Create | Villager (Male) |
| 25:24 | Create | Villager (Male) |
| 25:24 | Create | Villager (Male) |
| 25:28 | Create | Villager (Male) |
| 25:42 | Build | Town Center |
| 26:05 | Create | Cavalry Archer |
| 26:05 | Create | Cavalry Archer |
| 26:05 | Create | Cavalry Archer |
| 26:06 | Create | Cavalry Archer |
| 26:14 | Research | Fletching |
| 26:15 | Research | Padded Archer Armor |
| 26:29 | Create | Villager (Male) |
| 26:29 | Create | Villager (Male) |
| 26:30 | Create | Villager (Male) |
| 26:50 | Build | House |
| 26:51 | Build | House |
| 26:54 | Build | House |
| 26:55 | Build | House |
| 27:00 | Build | Monastery |
| 27:22 | Create | Villager (Male) |
| 27:23 | Create | Villager (Male) |
| 27:23 | Create | Villager (Male) |
| 27:23 | Create | Villager (Male) |
| 27:23 | Create | Villager (Male) |
| 27:24 | Create | Villager (Male) |
| 27:24 | Create | Villager (Male) |
| 27:24 | Create | Villager (Male) |
| 28:26 | Build | Farm |
| 28:31 | Build | Farm |
| 28:36 | Build | Farm |
| 28:40 | Create | Monk |
| 28:50 | Research | Bodkin Arrow |
| 28:58 | Create | Villager (Male) |
| 28:58 | Create | Villager (Male) |
| 28:58 | Create | Villager (Male) |
| 28:59 | Create | Villager (Male) |
| 29:10 | Create | Cavalry Archer |
| 29:10 | Create | Cavalry Archer |
| 29:10 | Create | Cavalry Archer |
| 29:24 | Create | Villager (Male) |
| 29:24 | Create | Villager (Male) |
| 29:41 | Build | House |
| 29:42 | Build | House |
| 29:44 | Build | House |
| 30:17 | Build | Farm |
| 30:25 | Build | University |
| 30:38 | Create | Cavalry Archer |
| 30:53 | Create | Villager (Male) |
| 30:53 | Create | Villager (Male) |
| 31:16 | Build | Mining Camp |
| 31:20 | Research | Imperial Age |
Build order — Jhon_Targaryen_
First 150 of 469 actions detected
| 0:06 | Build | House |
| 0:09 | Build | House |
| 0:11 | Build | House |
| 0:15 | Create | Villager (Male) |
| 0:16 | Create | Villager (Male) |
| 0:16 | Create | Villager (Male) |
| 0:16 | Create | Villager (Male) |
| 1:50 | Create | Villager (Male) |
| 2:35 | Create | Villager (Male) |
| 2:35 | Create | Villager (Male) |
| 3:49 | Create | Villager (Male) |
| 3:50 | Create | Villager (Male) |
| 3:50 | Create | Villager (Male) |
| 4:32 | Build | Mill |
| 4:41 | Create | Villager (Male) |
| 4:41 | Create | Villager (Male) |
| 4:42 | Create | Villager (Male) |
| 4:42 | Create | Villager (Male) |
| 4:50 | Build | House |
| 6:21 | Create | Villager (Male) |
| 6:22 | Create | Villager (Male) |
| 6:22 | Create | Villager (Male) |
| 7:04 | Build | Mining Camp |
| 7:20 | Build | Lumber Camp |
| 9:31 | Research | Feudal Age |
| 9:58 | Build | Mining Camp |
| 10:29 | Build | Mining Camp |
| 11:59 | Build | Market |
| 12:08 | Build | Blacksmith |
| 13:15 | Create | Villager (Male) |
| 13:16 | Create | Villager (Male) |
| 13:16 | Create | Villager (Male) |
| 13:18 | Create | Villager (Male) |
| 14:57 | Research | Loom |
| 15:08 | Build | House |
| 15:10 | Build | House |
| 15:11 | Build | House |
| 15:15 | Build | House |
| 15:19 | Build | House |
| 15:22 | Build | House |
| 16:57 | Research | Castle Age |
| 18:00 | Build | Farm |
| 18:00 | Build | Farm |
| 18:01 | Build | Farm |
| 18:02 | Build | Farm |
| 18:03 | Build | Farm |
| 18:04 | Build | Farm |
| 18:21 | Research | Horse Collar |
| 18:54 | Build | House |
| 18:57 | Build | House |
| 19:44 | Build | Castle |
| 19:56 | Create | Villager (Male) |
| 19:56 | Create | Villager (Male) |
| 19:57 | Create | Villager (Male) |
| 19:57 | Create | Villager (Male) |
| 19:57 | Create | Villager (Male) |
| 20:17 | Build | House |
| 20:19 | Build | House |
| 20:21 | Build | House |
| 20:23 | Build | House |
| 20:25 | Build | House |
| 20:27 | Build | House |
| 20:30 | Build | House |
| 21:37 | Build | Siege Workshop |
| 21:43 | Build | Siege Workshop |
| 22:16 | Create | Woad Raider |
| 22:17 | Create | Woad Raider |
| 22:17 | Create | Woad Raider |
| 22:17 | Create | Woad Raider |
| 22:17 | Create | Woad Raider |
| 22:17 | Create | Woad Raider |
| 22:18 | Create | Woad Raider |
| 22:18 | Create | Woad Raider |
| 22:48 | Build | Barracks |
| 22:53 | Build | Barracks |
| 23:12 | Research | Scale Mail Armor |
| 23:23 | Build | Farm |
| 23:23 | Build | Farm |
| 23:24 | Build | Farm |
| 23:27 | Build | Farm |
| 24:19 | Build | Farm |
| 24:29 | Research | Double-Bit Axe |
| 24:40 | Research | Gambesons |
| 25:15 | Research | Heavy Plow |
| 25:39 | Create | Villager (Male) |
| 25:39 | Create | Villager (Male) |
| 25:40 | Create | Villager (Male) |
| 25:40 | Create | Villager (Male) |
| 25:40 | Create | Villager (Male) |
| 26:20 | Build | Farm |
| 26:38 | Research | Chain Mail Armor |
| 26:54 | Build | Farm |
| 27:15 | Create | Scorpion |
| 27:15 | Create | Scorpion |
| 28:09 | Create | Villager (Male) |
| 28:09 | Create | Villager (Male) |
| 28:09 | Create | Villager (Male) |
| 28:10 | Create | Villager (Male) |
| 28:10 | Create | Villager (Male) |
| 28:10 | Create | Villager (Male) |
| 28:43 | Create | Scorpion |
| 28:44 | Create | Scorpion |
| 28:44 | Create | Scorpion |
| 28:44 | Create | Scorpion |
| 29:39 | Create | Villager (Male) |
| 29:39 | Create | Villager (Male) |
| 29:39 | Create | Villager (Male) |
| 29:39 | Create | Villager (Male) |
| 29:40 | Create | Villager (Male) |
| 29:40 | Create | Villager (Male) |
| 29:40 | Create | Villager (Male) |
| 29:58 | Research | Gold Mining |
| 30:41 | Research | Bow Saw |
| 30:41 | Research | Bow Saw |
| 30:56 | Create | Scorpion |
| 30:56 | Create | Scorpion |
| 30:56 | Create | Scorpion |
| 30:56 | Create | Scorpion |
| 30:57 | Create | Scorpion |
| 30:57 | Create | Scorpion |
| 32:02 | Create | Scorpion |
| 32:02 | Create | Scorpion |
| 32:03 | Create | Scorpion |
| 32:03 | Create | Scorpion |
| 32:03 | Create | Scorpion |
| 32:53 | Research | Forging |
| 33:11 | Create | Scorpion |
| 33:12 | Create | Scorpion |
| 33:12 | Create | Scorpion |
| 33:12 | Create | Scorpion |
| 33:12 | Create | Scorpion |
| 33:56 | Create | Villager (Male) |
| 33:57 | Create | Villager (Male) |
| 33:57 | Create | Villager (Male) |
| 33:57 | Create | Villager (Male) |
| 33:57 | Create | Villager (Male) |
| 33:58 | Create | Villager (Male) |
| 33:58 | Create | Villager (Male) |
| 34:11 | Build | Town Center |
| 34:39 | Build | Farm |
| 34:58 | Create | Scorpion |
| 34:58 | Create | Scorpion |
| 37:39 | Create | Scorpion |
| 37:39 | Create | Scorpion |
| 37:39 | Create | Scorpion |
| 37:40 | Create | Scorpion |
| 37:40 | Create | Scorpion |
| 37:40 | Create | Scorpion |
| 37:40 | Create | Scorpion |
| 37:41 | Create | Scorpion |
Build order — T4CH1CU1L
First 150 of 408 actions detected
| 0:15 | Build | House |
| 0:25 | Research | Loom |
| 0:25 | Research | Loom |
| 0:39 | Build | House |
| 0:40 | Build | House |
| 1:43 | Create | Villager (Male) |
| 2:23 | Create | Villager (Male) |
| 2:23 | Create | Villager (Male) |
| 2:43 | Create | Villager (Male) |
| 3:19 | Create | Villager (Male) |
| 3:48 | Create | Villager (Male) |
| 3:49 | Create | Villager (Male) |
| 4:16 | Create | Villager (Male) |
| 4:16 | Create | Villager (Male) |
| 5:15 | Create | Villager (Male) |
| 5:15 | Create | Villager (Male) |
| 6:20 | Create | Villager (Male) |
| 6:20 | Create | Villager (Male) |
| 7:31 | Build | Mill |
| 7:33 | Create | Villager (Male) |
| 7:33 | Create | Villager (Male) |
| 7:33 | Create | Villager (Male) |
| 7:33 | Create | Villager (Male) |
| 7:34 | Create | Villager (Male) |
| 7:34 | Create | Villager (Male) |
| 7:34 | Create | Villager (Male) |
| 8:33 | Create | Villager (Male) |
| 8:52 | Create | Villager (Male) |
| 9:26 | Build | Mill |
| 9:46 | Build | Mining Camp |
| 10:15 | Build | Lumber Camp |
| 10:40 | Research | Feudal Age |
| 11:54 | Build | House |
| 12:00 | Create | Villager (Male) |
| 12:00 | Create | Villager (Male) |
| 12:00 | Create | Villager (Male) |
| 12:00 | Create | Villager (Male) |
| 13:28 | Build | Mining Camp |
| 13:39 | Build | Market |
| 13:44 | Build | Blacksmith |
| 15:12 | Build | Barracks |
| 15:21 | Create | Villager (Male) |
| 15:21 | Create | Villager (Male) |
| 15:25 | Create | Villager (Male) |
| 15:53 | Build | Farm |
| 16:16 | Build | Farm |
| 16:21 | Build | Farm |
| 16:25 | Build | Farm |
| 16:31 | Build | Farm |
| 16:35 | Build | Farm |
| 16:58 | Build | Farm |
| 17:05 | Build | Farm |
| 17:11 | Research | Man-at-Arms (upgrade) |
| 18:02 | Research | Castle Age |
| 18:28 | Build | Farm |
| 18:33 | Build | Farm |
| 18:40 | Build | Farm |
| 18:46 | Build | Farm |
| 18:51 | Build | Farm |
| 18:59 | Research | Horse Collar |
| 19:02 | Research | Double-Bit Axe |
| 20:15 | Create | Villager (Male) |
| 20:16 | Create | Villager (Male) |
| 20:16 | Create | Villager (Male) |
| 20:16 | Create | Villager (Male) |
| 20:45 | Build | Town Center |
| 20:58 | Build | Castle |
| 21:03 | Research | Squires |
| 21:35 | Research | Wheelbarrow |
| 21:46 | Create | Fire Lancer |
| 22:09 | Research | Bow Saw |
| 22:41 | Create | Fire Lancer |
| 22:41 | Create | Fire Lancer |
| 22:47 | Create | Villager (Male) |
| 22:47 | Create | Villager (Male) |
| 22:48 | Create | Villager (Male) |
| 22:48 | Create | Villager (Male) |
| 22:48 | Create | Villager (Male) |
| 22:53 | Create | Villager (Male) |
| 22:54 | Create | Villager (Male) |
| 22:54 | Create | Villager (Male) |
| 22:54 | Create | Villager (Male) |
| 23:11 | Create | Fire Lancer |
| 23:12 | Create | Fire Lancer |
| 23:32 | Build | Farm |
| 23:43 | Build | Lumber Camp |
| 23:45 | Research | Scale Mail Armor |
| 23:59 | Build | Farm |
| 24:07 | Research | Heavy Plow |
| 24:14 | Build | Farm |
| 24:23 | Create | Villager (Male) |
| 24:23 | Create | Villager (Male) |
| 24:33 | Build | Farm |
| 24:38 | Create | Fire Lancer |
| 24:38 | Create | Fire Lancer |
| 24:39 | Create | Fire Lancer |
| 24:41 | Research | Long Swordsman (upgrade) |
| 25:01 | Build | Farm |
| 25:06 | Build | Farm |
| 25:21 | Build | Farm |
| 25:25 | Create | Villager (Male) |
| 25:26 | Create | Villager (Male) |
| 25:26 | Create | Villager (Male) |
| 25:27 | Create | Villager (Male) |
| 25:30 | Create | Villager (Male) |
| 25:31 | Create | Villager (Male) |
| 25:31 | Create | Villager (Male) |
| 25:41 | Create | Chu Ko Nu |
| 25:42 | Create | Chu Ko Nu |
| 25:42 | Create | Chu Ko Nu |
| 25:42 | Create | Chu Ko Nu |
| 25:49 | Create | Chu Ko Nu |
| 26:25 | Build | Farm |
| 26:31 | Build | Farm |
| 26:37 | Build | Farm |
| 26:42 | Build | Farm |
| 27:04 | Research | Hand Cart |
| 27:35 | Build | Siege Workshop |
| 27:49 | Research | Gold Mining |
| 28:06 | Create | Villager (Male) |
| 28:06 | Create | Villager (Male) |
| 28:06 | Create | Villager (Male) |
| 28:36 | Build | University |
| 28:57 | Research | Imperial Age |
| 29:00 | Build | Farm |
| 29:15 | Create | Villager (Male) |
| 29:15 | Create | Villager (Male) |
| 29:16 | Create | Villager (Male) |
| 29:27 | Build | Farm |
| 29:32 | Build | Farm |
| 29:48 | Build | Farm |
| 29:56 | Research | Fortified Wall (upgrade) |
| 30:59 | Research | Great Wall |
| 31:09 | Research | Arson |
| 31:20 | Create | Villager (Male) |
| 31:25 | Create | Villager (Male) |
| 31:25 | Create | Villager (Male) |
| 31:26 | Create | Villager (Male) |
| 31:26 | Create | Villager (Male) |
| 31:26 | Create | Villager (Male) |
| 31:27 | Create | Villager (Male) |
| 31:28 | Create | Villager (Male) |
| 31:37 | Build | Lumber Camp |
| 31:45 | Build | Lumber Camp |
| 32:13 | Research | Chemistry |
| 32:14 | Research | Ballistics |
| 32:50 | Build | House |
| 32:51 | Build | House |
| 32:52 | Build | House |
| 32:53 | Build | House |
Build order — Zatroinos
First 150 of 534 actions detected
| 0:38 | Build | House |
| 0:39 | Build | House |
| 0:40 | Build | House |
| 0:41 | Build | House |
| 0:43 | Create | Villager (Male) |
| 1:14 | Create | Villager (Male) |
| 1:15 | Create | Villager (Male) |
| 1:59 | Create | Villager (Male) |
| 2:52 | Create | Villager (Male) |
| 2:52 | Create | Villager (Male) |
| 3:22 | Create | Villager (Male) |
| 3:34 | Create | Villager (Male) |
| 4:10 | Create | Villager (Male) |
| 4:14 | Create | Villager (Male) |
| 5:16 | Create | Villager (Male) |
| 5:16 | Create | Villager (Male) |
| 6:12 | Create | Villager (Male) |
| 6:46 | Build | Lumber Camp |
| 6:50 | Create | Villager (Male) |
| 7:35 | Build | Mill |
| 7:44 | Build | Mill |
| 7:53 | Create | Villager (Male) |
| 7:53 | Create | Villager (Male) |
| 8:45 | Build | Barracks |
| 9:31 | Research | Feudal Age |
| 9:51 | Build | Mining Camp |
| 10:02 | Build | House |
| 10:49 | Build | Mining Camp |
| 11:08 | Build | Farm |
| 11:16 | Build | Lumber Camp |
| 11:41 | Age | Feudal Age |
| 11:44 | Build | Stone Wall |
| 12:42 | Build | Stone Wall |
| 12:44 | Build | Stone Wall |
| 12:51 | Create | Villager (Male) |
| 12:56 | Research | Double-Bit Axe |
| 13:38 | Build | Stone Wall |
| 14:03 | Build | Stone Wall |
| 14:04 | Build | Stone Wall |
| 14:18 | Create | Villager (Male) |
| 14:19 | Create | Villager (Male) |
| 14:44 | Build | Stone Wall |
| 14:45 | Build | Stone Wall |
| 15:06 | Build | Farm |
| 15:34 | Build | Farm |
| 15:35 | Create | Villager (Male) |
| 15:37 | Create | Villager (Male) |
| 15:43 | Build | Farm |
| 15:46 | Build | Farm |
| 16:50 | Build | Farm |
| 16:52 | Build | Farm |
| 16:53 | Create | Villager (Male) |
| 16:55 | Create | Villager (Male) |
| 17:26 | Build | Farm |
| 17:52 | Build | Farm |
| 17:53 | Create | Villager (Male) |
| 18:01 | Build | Archery Range |
| 18:31 | Build | Farm |
| 18:34 | Create | Villager (Male) |
| 18:46 | Build | Market |
| 19:25 | Build | Stone Wall |
| 19:44 | Build | Blacksmith |
| 19:51 | Create | Villager (Male) |
| 19:52 | Create | Villager (Male) |
| 21:03 | Build | Outpost |
| 21:06 | Build | Outpost |
| 21:25 | Research | Castle Age |
| 21:29 | Build | House |
| 21:31 | Build | House |
| 22:09 | Build | House |
| 22:12 | Build | House |
| 22:26 | Build | Stable |
| 22:32 | Build | House |
| 22:51 | Research | Gold Mining |
| 23:15 | Build | House |
| 23:22 | Build | House |
| 23:32 | Build | House |
| 23:32 | Build | House |
| 24:05 | Age | Castle Age |
| 24:08 | Build | Town Center |
| 24:41 | Create | Villager (Male) |
| 24:41 | Create | Villager (Male) |
| 24:51 | Research | Bow Saw |
| 24:53 | Research | Horse Collar |
| 25:27 | Build | Castle |
| 25:31 | Create | Villager (Male) |
| 25:31 | Create | Villager (Male) |
| 25:38 | Create | Villager (Male) |
| 25:38 | Create | Villager (Male) |
| 26:06 | Create | Villager (Male) |
| 26:06 | Create | Villager (Male) |
| 26:10 | Create | Villager (Male) |
| 26:11 | Create | Villager (Male) |
| 27:23 | Build | Siege Workshop |
| 27:28 | Create | Villager (Male) |
| 27:28 | Create | Villager (Male) |
| 27:34 | Create | Villager (Male) |
| 27:34 | Create | Villager (Male) |
| 28:11 | Build | Town Center |
| 28:16 | Create | Villager (Male) |
| 28:16 | Create | Villager (Male) |
| 28:32 | Build | House |
| 28:39 | Build | House |
| 28:52 | Build | University |
| 28:59 | Build | Monastery |
| 29:10 | Build | House |
| 29:11 | Build | House |
| 29:18 | Create | Villager (Male) |
| 29:18 | Create | Villager (Male) |
| 29:20 | Create | Villager (Male) |
| 29:20 | Create | Villager (Male) |
| 29:42 | Build | Mining Camp |
| 29:49 | Create | Villager (Male) |
| 29:49 | Create | Villager (Male) |
| 29:49 | Create | Villager (Male) |
| 29:53 | Create | Villager (Male) |
| 29:54 | Create | Villager (Male) |
| 30:00 | Research | Fortified Wall (upgrade) |
| 30:16 | Create | Scorpion |
| 30:16 | Create | Scorpion |
| 30:28 | Build | House |
| 30:29 | Build | House |
| 30:30 | Build | House |
| 30:33 | Build | House |
| 30:49 | Build | Siege Workshop |
| 30:59 | Create | Villager (Male) |
| 30:59 | Create | Villager (Male) |
| 31:04 | Research | Wheelbarrow |
| 31:07 | Research | Heavy Plow |
| 31:12 | Create | Villager (Male) |
| 31:24 | Build | Farm |
| 31:26 | Build | Farm |
| 31:42 | Build | Farm |
| 31:51 | Create | Villager (Male) |
| 31:54 | Create | Villager (Male) |
| 31:54 | Create | Villager (Male) |
| 31:55 | Create | Villager (Male) |
| 32:02 | Build | Siege Workshop |
| 32:11 | Create | Villager (Male) |
| 32:18 | Create | Scorpion |
| 32:19 | Create | Scorpion |
| 32:42 | Research | Fletching |
| 32:46 | Build | Farm |
| 32:47 | Create | Villager (Male) |
| 32:50 | Create | Villager (Male) |
| 32:53 | Build | Farm |
| 32:54 | Build | Farm |
| 32:56 | Create | Villager (Male) |
| 32:58 | Create | Villager (Male) |
| 33:16 | Create | Villager (Male) |
Build order — LordCommanderPug
First 150 of 305 actions detected
| 0:11 | Create | Villager (Male) |
| 0:12 | Research | Loom |
| 0:13 | Create | Villager (Male) ×3 |
| 0:47 | Build | House |
| 0:50 | Build | House |
| 0:51 | Build | House |
| 0:52 | Build | House |
| 0:58 | Build | House |
| 2:11 | Create | Villager (Male) |
| 2:53 | Create | Villager (Male) ×2 |
| 3:24 | Create | Villager (Male) |
| 3:59 | Create | Villager (Male) |
| 4:20 | Create | Villager (Male) ×2 |
| 4:36 | Create | Villager (Male) |
| 5:44 | Create | Villager (Male) ×2 |
| 6:13 | Create | Villager (Male) |
| 6:40 | Build | Mill |
| 6:53 | Create | Villager (Male) |
| 8:28 | Create | Villager (Male) ×6 |
| 8:54 | Build | Lumber Camp |
| 9:38 | Create | Villager (Male) ×6 |
| 9:59 | Build | Mining Camp |
| 10:13 | Build | Farm |
| 10:22 | Build | Farm |
| 10:30 | Build | Farm |
| 11:19 | Build | Farm |
| 11:38 | Build | Farm |
| 11:46 | Build | Farm |
| 11:59 | Research | Feudal Age |
| 12:56 | Build | House |
| 12:57 | Build | House |
| 12:58 | Build | House |
| 13:02 | Build | House |
| 13:03 | Build | House |
| 15:11 | Build | Farm |
| 15:17 | Build | Farm |
| 15:34 | Build | Market |
| 15:44 | Build | Blacksmith |
| 16:41 | Build | Barracks |
| 16:45 | Research | Castle Age |
| 17:08 | Build | Mining Camp |
| 17:16 | Research | Double-Bit Axe |
| 18:00 | Build | Archery Range |
| 18:02 | Build | Archery Range |
| 18:45 | Research | Horse Collar |
| 19:30 | Build | Monastery |
| 19:44 | Build | University |
| 19:55 | Research | Bow Saw |
| 20:48 | Create | Monk |
| 20:48 | Create | Monk |
| 20:49 | Create | Monk |
| 20:51 | Create | Monk |
| 22:16 | Build | Gate |
| 23:02 | Research | Imperial Age |
| 23:17 | Build | Town Center |
| 23:28 | Build | Town Center |
| 23:52 | Research | Heavy Plow |
| 24:12 | Build | Farm |
| 24:58 | Research | Fletching |
| 25:00 | Research | Padded Archer Armor |
| 25:09 | Research | Gold Mining |
| 26:11 | Research | Fortified Wall (upgrade) |
| 26:18 | Create | Villager (Male) |
| 27:06 | Create | Villager (Male) ×3 |
| 27:15 | Create | Villager (Male) |
| 27:32 | Create | Villager (Male) |
| 27:49 | Build | Farm |
| 28:51 | Build | Farm |
| 28:56 | Build | Farm |
| 29:11 | Build | Castle |
| 29:18 | Research | Wheelbarrow |
| 29:24 | Create | Villager (Male) ×4 |
| 29:31 | Create | Trade Cart ×7 |
| 30:37 | Research | Hand Cart |
| 31:38 | Create | Villager (Male) ×5 |
| 31:39 | Create | Villager (Male) |
| 31:51 | Create | Villager (Male) |
| 32:08 | Build | Farm |
| 32:13 | Build | Farm |
| 32:21 | Build | Farm |
| 32:29 | Build | Farm |
| 32:35 | Create | Villager (Male) ×4 |
| 32:48 | Build | Farm |
| 33:05 | Create | Villager (Male) ×2 |
| 33:19 | Build | Stone Wall |
| 33:30 | Build | Farm |
| 33:49 | Build | Stone Wall |
| 33:56 | Build | Farm |
| 34:01 | Build | Farm |
| 34:06 | Build | Farm |
| 34:12 | Build | Farm |
| 34:18 | Build | Farm |
| 34:39 | Build | Farm |
| 34:47 | Build | Farm |
| 34:52 | Create | Villager (Male) ×15 |
| 34:58 | Create | Villager (Male) ×2 |
| 35:06 | Create | Villager (Male) |
| 35:31 | Build | Mill |
| 35:42 | Build | Farm |
| 35:51 | Build | Mining Camp |
| 36:13 | Build | Farm |
| 36:29 | Research | Paper Money |
| 36:32 | Create | Trebuchet (Packed) |
| 36:44 | Build | Farm |
| 37:08 | Build | Siege Workshop |
| 37:10 | Build | Siege Workshop |
| 37:12 | Build | Siege Workshop |
| 37:27 | Build | Archery Range |
| 37:28 | Build | Archery Range |
| 37:30 | Build | Archery Range |
| 37:32 | Build | Archery Range |
| 38:02 | Build | Gate |
| 38:09 | Build | Farm |
| 38:13 | Build | Farm |
| 38:42 | Build | Gate |
| 38:49 | Build | Farm |
| 39:00 | Research | Crop Rotation |
| 39:40 | Research | Thumb Ring |
| 39:57 | Research | Elite Skirmisher (upgrade) |
| 40:00 | Create | Skirmisher ×7 |
| 40:00 | Create | Skirmisher |
| 40:09 | Create | Skirmisher |
| 40:41 | Build | House |
| 40:44 | Build | House |
| 40:46 | Build | House |
| 40:49 | Build | House |
| 40:51 | Build | House |
| 40:52 | Build | House |
| 40:53 | Build | House |
| 40:54 | Build | House |
| 41:08 | Create | Skirmisher ×3 |
| 41:16 | Create | Cavalry Archer |
| 41:28 | Build | House |
| 41:30 | Build | House |
| 41:31 | Build | House |
| 41:33 | Build | House |
| 42:00 | Build | Lumber Camp |
| 42:11 | Create | Cavalry Archer ×7 |
| 42:50 | Create | Mangonel ×2 |
| 43:10 | Build | House |
| 43:22 | Create | Cavalry Archer ×6 |
| 44:02 | Build | Stable |
| 44:06 | Build | Stable |
| 44:45 | Build | Mining Camp |
| 45:17 | Create | Villager (Male) |
| 45:17 | Create | Villager (Male) |
| 45:18 | Create | Villager (Male) |
| 45:18 | Create | Villager (Male) |
| 45:18 | Create | Villager (Male) |
| 45:19 | Create | Villager (Male) |
Build order — lesserpanda1300
First 150 of 248 actions detected
| 0:02 | Create | Villager (Male) |
| 0:02 | Create | Villager (Male) |
| 0:03 | Create | Villager (Male) |
| 0:03 | Create | Villager (Male) |
| 0:03 | Create | Villager (Male) |
| 0:08 | Build | House |
| 0:49 | Build | House |
| 0:51 | Build | House |
| 0:52 | Build | House |
| 0:53 | Build | House |
| 0:55 | Build | House |
| 1:59 | Create | Villager (Male) |
| 1:59 | Create | Villager (Male) |
| 2:08 | Research | Loom |
| 2:25 | Create | Villager (Male) |
| 2:26 | Research | Loom |
| 2:54 | Build | House |
| 2:56 | Build | House |
| 3:04 | Create | Villager (Male) |
| 3:20 | Create | Villager (Male) |
| 3:37 | Create | Villager (Male) |
| 4:19 | Create | Villager (Male) |
| 4:51 | Create | Villager (Male) |
| 5:10 | Create | Villager (Male) |
| 5:54 | Create | Villager (Male) |
| 5:55 | Create | Villager (Male) |
| 6:23 | Create | Villager (Male) |
| 6:31 | Build | Mill |
| 6:43 | Create | Villager (Male) |
| 7:10 | Create | Villager (Male) |
| 7:21 | Build | Lumber Camp |
| 8:16 | Create | Villager (Male) |
| 8:17 | Create | Villager (Male) |
| 9:00 | Create | Villager (Male) |
| 9:14 | Build | Mining Camp |
| 9:36 | Research | Feudal Age |
| 9:58 | Build | Mining Camp |
| 11:49 | Build | Farm |
| 11:50 | Build | Farm |
| 11:51 | Build | Farm |
| 11:52 | Build | Farm |
| 11:55 | Create | Villager (Male) |
| 11:55 | Create | Villager (Male) |
| 11:55 | Create | Villager (Male) |
| 11:55 | Create | Villager (Male) |
| 12:04 | Research | Double-Bit Axe |
| 12:09 | Research | Horse Collar |
| 12:51 | Create | Villager (Male) |
| 12:52 | Create | Villager (Male) |
| 13:12 | Build | Farm |
| 13:14 | Build | Farm |
| 13:15 | Build | Farm |
| 13:19 | Build | Farm |
| 13:35 | Build | Farm |
| 14:01 | Create | Villager (Male) |
| 14:01 | Create | Villager (Male) |
| 14:29 | Build | Barracks |
| 14:43 | Create | Villager (Male) |
| 14:44 | Create | Villager (Male) |
| 14:44 | Create | Villager (Male) |
| 14:56 | Build | Farm |
| 15:07 | Build | Farm |
| 15:39 | Build | Archery Range |
| 16:27 | Build | Blacksmith |
| 16:34 | Build | House |
| 16:35 | Build | House |
| 16:36 | Build | House |
| 16:37 | Build | House |
| 16:38 | Build | House |
| 16:40 | Build | House |
| 16:55 | Create | Villager (Male) |
| 16:55 | Create | Villager (Male) |
| 17:08 | Build | Blacksmith |
| 17:25 | Create | Archer |
| 17:25 | Create | Archer |
| 17:26 | Create | Archer |
| 17:26 | Create | Archer |
| 17:26 | Create | Archer |
| 17:27 | Create | Archer |
| 17:27 | Create | Archer |
| 17:27 | Create | Archer |
| 17:27 | Create | Archer |
| 17:28 | Create | Archer |
| 17:28 | Create | Archer |
| 17:58 | Create | Villager (Male) |
| 17:59 | Create | Villager (Male) |
| 18:10 | Research | Fletching |
| 18:12 | Research | Padded Archer Armor |
| 18:47 | Research | Castle Age |
| 18:57 | Build | Farm |
| 18:59 | Build | Farm |
| 19:01 | Build | Farm |
| 19:02 | Build | Farm |
| 19:27 | Research | Arson |
| 19:32 | Research | Forging |
| 19:32 | Research | Scale Mail Armor |
| 19:38 | Research | Stone Mining |
| 19:44 | Research | Gold Mining |
| 20:03 | Create | Villager (Male) |
| 20:03 | Create | Villager (Male) |
| 20:34 | Build | House |
| 20:34 | Build | House |
| 20:36 | Build | House |
| 21:22 | Create | Spearman |
| 21:22 | Create | Spearman |
| 21:23 | Create | Spearman |
| 21:23 | Create | Spearman |
| 21:30 | Research | Crossbowman (upgrade) |
| 21:40 | Build | Town Center |
| 21:48 | Create | Villager (Male) |
| 21:49 | Create | Villager (Male) |
| 22:18 | Research | Thumb Ring |
| 22:22 | Create | Spearman |
| 22:22 | Create | Spearman |
| 22:23 | Create | Spearman |
| 22:36 | Build | House |
| 22:37 | Build | House |
| 22:40 | Build | House |
| 22:41 | Build | House |
| 22:47 | Create | Archer |
| 22:48 | Create | Archer |
| 22:48 | Create | Archer |
| 22:48 | Create | Archer |
| 23:11 | Research | Wheelbarrow |
| 23:28 | Build | Castle |
| 23:36 | Create | Villager (Male) |
| 23:36 | Create | Villager (Male) |
| 23:37 | Create | Villager (Male) |
| 23:37 | Create | Villager (Male) |
| 24:10 | Create | Archer |
| 24:10 | Create | Archer |
| 24:10 | Create | Archer |
| 24:10 | Create | Archer |
| 24:21 | Research | Bodkin Arrow |
| 24:34 | Build | Town Center |
| 24:51 | Build | Mining Camp |
| 25:04 | Build | Farm |
| 25:11 | Create | Villager (Male) |
| 25:11 | Create | Villager (Male) |
| 25:12 | Create | Villager (Male) |
| 25:12 | Create | Villager (Male) |
| 25:12 | Create | Villager (Male) |
| 25:22 | Create | Villager (Male) |
| 25:22 | Create | Villager (Male) |
| 25:36 | Research | Squires |
| 25:49 | Create | Villager (Male) |
| 26:20 | Build | Stable |
| 26:44 | Create | Villager (Male) |
| 26:44 | Create | Villager (Male) |
| 26:45 | Create | Villager (Male) |
Build order — BAROL-
First 150 of 455 actions detected
| 0:07 | Build | House |
| 0:08 | Create | Villager (Male) |
| 0:08 | Create | Villager (Male) |
| 0:09 | Create | Villager (Male) |
| 0:09 | Create | Villager (Male) |
| 0:11 | Build | House |
| 1:35 | Create | Villager (Male) |
| 2:12 | Create | Villager (Male) |
| 2:33 | Create | Villager (Male) |
| 3:03 | Create | Villager (Male) |
| 3:25 | Create | Villager (Male) |
| 3:35 | Build | House |
| 3:40 | Build | Mill |
| 3:48 | Create | Villager (Male) |
| 4:03 | Create | Villager (Male) |
| 4:39 | Create | Villager (Male) |
| 5:12 | Create | Villager (Male) |
| 5:35 | Build | House |
| 5:41 | Build | Lumber Camp |
| 5:41 | Create | Villager (Male) |
| 6:04 | Build | Mining Camp |
| 6:12 | Create | Villager (Male) |
| 6:34 | Create | Villager (Male) |
| 6:52 | Create | Villager (Male) |
| 6:52 | Create | Villager (Male) |
| 6:52 | Create | Villager (Male) |
| 6:53 | Create | Villager (Male) |
| 8:04 | Create | Villager (Male) |
| 8:38 | Build | House |
| 9:04 | Build | Barracks |
| 9:10 | Research | Feudal Age |
| 9:11 | Research | Loom |
| 10:04 | Build | Mill |
| 10:18 | Build | Farm |
| 10:19 | Build | Farm |
| 10:24 | Build | Farm |
| 10:26 | Create | Villager (Male) |
| 10:27 | Create | Villager (Male) |
| 11:35 | Build | Farm |
| 11:53 | Build | Market |
| 12:23 | Build | Blacksmith |
| 12:33 | Create | Villager (Male) |
| 13:00 | Create | Villager (Male) |
| 13:22 | Create | Villager (Male) |
| 13:43 | Build | Mining Camp |
| 13:52 | Research | Castle Age |
| 14:02 | Build | House |
| 14:04 | Build | House |
| 14:09 | Build | House |
| 14:11 | Build | House |
| 14:21 | Research | Double-Bit Axe |
| 15:03 | Build | Farm |
| 15:03 | Build | Farm |
| 15:03 | Build | Farm |
| 15:04 | Build | Farm |
| 15:05 | Build | Farm |
| 15:29 | Build | Farm |
| 16:10 | Build | Farm |
| 16:20 | Create | Villager (Male) |
| 16:21 | Create | Villager (Male) |
| 17:03 | Build | Town Center |
| 17:16 | Create | Villager (Male) |
| 17:27 | Create | Villager (Male) |
| 17:54 | Create | Villager (Male) |
| 18:23 | Build | Town Center |
| 18:28 | Create | Villager (Male) |
| 18:38 | Research | Wheelbarrow |
| 18:58 | Create | Villager (Male) |
| 19:16 | Build | Siege Workshop |
| 19:25 | Create | Villager (Male) |
| 19:40 | Create | Villager (Male) |
| 19:43 | Create | Villager (Male) |
| 19:59 | Build | Farm |
| 20:00 | Build | Farm |
| 20:00 | Build | Farm |
| 20:02 | Build | Farm |
| 20:09 | Create | Villager (Male) |
| 20:12 | Create | Villager (Male) |
| 20:18 | Research | Horse Collar |
| 20:39 | Create | Villager (Male) |
| 20:43 | Create | Villager (Male) |
| 20:59 | Build | Farm |
| 21:02 | Build | Farm |
| 21:06 | Create | Mangonel |
| 21:09 | Create | Villager (Male) |
| 21:10 | Create | Villager (Male) |
| 21:12 | Create | Villager (Male) |
| 21:44 | Create | Villager (Male) |
| 21:45 | Create | Villager (Male) |
| 21:46 | Create | Villager (Male) |
| 22:09 | Build | House |
| 22:12 | Build | House |
| 22:15 | Build | House |
| 22:21 | Create | Villager (Male) |
| 22:21 | Create | Villager (Male) |
| 22:22 | Create | Villager (Male) |
| 22:32 | Build | Castle |
| 22:49 | Build | Castle |
| 22:54 | Create | Villager (Male) |
| 22:55 | Create | Villager (Male) |
| 22:55 | Create | Villager (Male) |
| 23:08 | Build | Farm |
| 23:08 | Build | Farm |
| 23:09 | Build | Farm |
| 23:09 | Build | Farm |
| 23:10 | Build | Farm |
| 23:10 | Build | Farm |
| 23:11 | Build | Farm |
| 23:11 | Build | Farm |
| 23:12 | Build | Farm |
| 23:14 | Create | Villager (Male) |
| 23:15 | Create | Villager (Male) |
| 23:16 | Create | Villager (Male) |
| 23:29 | Build | Farm |
| 23:30 | Build | Farm |
| 23:40 | Build | Farm |
| 23:41 | Create | Villager (Male) |
| 23:41 | Create | Villager (Male) |
| 23:42 | Create | Villager (Male) |
| 23:56 | Research | Gold Mining |
| 24:19 | Create | Villager (Male) |
| 24:19 | Create | Villager (Male) |
| 24:20 | Create | Villager (Male) |
| 24:48 | Build | Monastery |
| 24:51 | Create | Villager (Male) |
| 24:51 | Create | Villager (Male) |
| 24:52 | Create | Villager (Male) |
| 25:00 | Build | Farm |
| 25:00 | Build | Farm |
| 25:01 | Build | Farm |
| 25:01 | Build | Farm |
| 25:19 | Create | Villager (Male) |
| 25:20 | Create | Villager (Male) |
| 25:20 | Create | Villager (Male) |
| 25:46 | Build | Farm |
| 25:46 | Build | Farm |
| 25:47 | Build | Farm |
| 25:47 | Build | Farm |
| 25:56 | Create | Villager (Male) |
| 25:56 | Create | Villager (Male) |
| 25:57 | Create | Villager (Male) |
| 25:59 | Create | Monk |
| 26:14 | Create | Magyar Huszar |
| 26:15 | Create | Villager (Male) |
| 26:16 | Create | Villager (Male) |
| 26:16 | Create | Villager (Male) |
| 26:31 | Build | Farm |
| 26:38 | Build | Farm |
| 26:42 | Build | Farm |
| 27:06 | Create | Villager (Male) |
Match timeline
| 8:45 | Zatroinos · first_building Barracks |
| 9:04 | BAROL- · first_building Barracks |
| 11:41 | Zatroinos · age_up feudal |
| 11:44 | Zatroinos · wall_segment Stone Wall x2 |
| 11:52 | Burzgûl · age_up feudal |
| 12:42 | Zatroinos · wall_segment Stone Wall x1 |
| 12:44 | Zatroinos · wall_segment Stone Wall x1 |
| 12:45 | linsanity1105 · age_up feudal |
| 13:38 | Zatroinos · wall_segment Stone Wall x1 |
| 14:03 | Zatroinos · wall_segment Stone Wall x1 |
| 14:04 | Zatroinos · wall_segment Stone Wall x1 |
| 14:05 | Burzgûl · first_market_sell 100 wood |
| 14:29 | lesserpanda1300 · first_building Barracks |
| 14:44 | Zatroinos · wall_segment Stone Wall x1 |
| 14:45 | Zatroinos · wall_segment Stone Wall x1 |
| 14:51 | Burzgûl · first_building Barracks |
| 15:12 | T4CH1CU1L · first_building Barracks |
| 15:39 | lesserpanda1300 · first_building Archery Range |
| 16:41 | LordCommanderPug · first_building Barracks |
| 16:46 | Burzgûl · age_up castle |
| 16:48 | Jhon_Targaryen_ · first_market_buy 100 food |
| 17:25 | linsanity1105 · first_market_sell 100 food |
| 17:36 | Burzgûl · first_market_buy 100 wood |
| 17:57 | T4CH1CU1L · first_market_buy 100 food |
| 18:00 | LordCommanderPug · first_building Archery Range |
| 18:01 | Zatroinos · first_building Archery Range |
| 19:16 | BAROL- · first_building Siege Workshop |
| 19:25 | Zatroinos · wall_segment Stone Wall x2 |
| 19:30 | LordCommanderPug · first_building Monastery |
| 19:44 | Jhon_Targaryen_ · first_building Castle |
| 20:13 | Burzgûl · first_building Castle |
| 20:16 | linsanity1105 · age_up castle |
| 20:58 | T4CH1CU1L · first_building Castle |
| 21:25 | linsanity1105 · first_building Barracks |
| 21:37 | Jhon_Targaryen_ · first_building Siege Workshop |
| 22:26 | Zatroinos · first_building Stable |
| 22:32 | BAROL- · first_building Castle |
| 22:48 | Jhon_Targaryen_ · first_building Barracks |
| 22:51 | linsanity1105 · first_building Archery Range |
| 23:28 | lesserpanda1300 · first_building Castle |
| 24:05 | Zatroinos · age_up castle |
| 24:48 | BAROL- · first_building Monastery |
| 24:55 | Burzgûl · first_building Monastery |
| 25:27 | Zatroinos · first_building Castle |
| 26:20 | lesserpanda1300 · first_building Stable |
| 27:00 | linsanity1105 · first_building Monastery |
| 27:23 | Zatroinos · first_building Siege Workshop |
| 27:35 | T4CH1CU1L · first_building Siege Workshop |
| 27:56 | T4CH1CU1L · first_market_sell 100 stone |
| 28:25 | BAROL- · first_building Archery Range |
| 28:59 | Zatroinos · first_building Monastery |
| 29:11 | LordCommanderPug · first_building Castle |
| 32:07 | linsanity1105 · first_building Castle |
| 32:57 | Burzgûl · age_up imperial |
| 33:07 | Burzgûl · first_building Stable |
| 33:11 | Burzgûl · first_building Archery Range |
| 33:19 | LordCommanderPug · wall_segment Stone Wall x22 |
| 33:49 | LordCommanderPug · wall_segment Stone Wall x18 |
| 33:49 | linsanity1105 · first_building Stable |
| 34:30 | linsanity1105 · age_up imperial |
| 37:08 | LordCommanderPug · first_building Siege Workshop |
| 37:09 | lesserpanda1300 · resign |
| 37:09 | linsanity1105 · first_building Siege Workshop |
| 37:45 | T4CH1CU1L · first_building Archery Range |
| 40:20 | Zatroinos · age_up imperial |
| 44:02 | LordCommanderPug · first_building Stable |
| 48:07 | linsanity1105 · first_market_buy 100 stone |
| 49:56 | BAROL- · first_building Stable |
| 50:36 | linsanity1105 · wall_segment Stone Wall x12 |
| 50:39 | linsanity1105 · wall_segment Stone Wall x14 |
| 57:31 | Jhon_Targaryen_ · first_market_sell 100 wood |
| 60:16 | LordCommanderPug · wall_segment Stone Wall x33 |
| 62:15 | LordCommanderPug · wall_segment Palisade Wall x20 |
| 62:23 | LordCommanderPug · wall_segment Palisade Wall x18 |
| 62:33 | LordCommanderPug · wall_segment Palisade Wall x17 |
| 68:07 | Zatroinos · first_market_sell 500 food |
| 68:48 | LordCommanderPug · first_market_sell 100 food |
| 74:09 | LordCommanderPug · first_market_buy 100 stone |
[ AI ANALYSIS · 1 CREDIT ]
What really happened in this match?
Wolo.gg analyzes every decision: build order, eco, micro, common mistakes by bracket. Personalized analysis on WhatsApp or Discord in 30 seconds.
Civ guide
Goths
Perfil
Jugador #316620